Description

PiG's Roach build for ZvZ 2023 B2GM

VOD

https://www.youtube.com/watch?v=yzeqlVC6S_w&list=PLOrKQEirgvjD0h2N70b__CNnBkypGp0oz&index=4

Build Order

Get SALT Encoding   

  13  0:13  Overlord  Send to scout 3rd base
  17  0:51  Hatchery  
  17  1:15  Spawning Pool  
  20  1:45  Overlord  Scout outside of natural
  20  2:04  Queen x2, Zergling x2  
  27  2:24  Queen  Start immediatly a 3rd queen (queue it in the first base as the first one will not finish yet)
  28  2:28  Overlord  Send it to the middle of the map
  36  2:54  Extractor x2  
  34  2:57  Spine Crawler  In the natural. Don´t forget to replace the 3 drones!
  42  3:30  Roach Warren, Evolution Chamber x2  For building the wall, For building the wall. Put defensive queen into the wall with hold position
  48  3:50  Lair, Extractor  @100 gas build the lair, @100 gas
  47  4:00  Action  @100 gas - start +1 range weapons
  50  4:10  Action  @3 gases, 2 mineral lines and 41 drones -> cut building drones
  70  5:10  Action  @Lair - Roach speed
  105  6:10  Action  @+1 and speed almost finished -> go across the map (you should have 16+ roaches already)
Spawning Tool Build Advisor. Get it on Overwolf

Go to:

Details

  • Created by: rickRiceLick
  • Published on: Mar 20, 2024
  • Modified on: Mar 20, 2024
  • Patch: 5.0.11
  • Difficulty: Easy
Show
View Real Time Build Order
Export as new Build Order

Comments (0)

There are no comments. Be the first!

Create an account to comment!